 Dungeon Crawl Stone Soup version 0.19.0-2-gae57169 (webtiles) character file.

1614 emikaela the Skirmisher (level 8, -5/69 (70) HPs)
             Began as a Ghoul Conjurer on Nov 7, 2016.
             Was an Initiate of Uskayaw.
             Slain by Juniper's ghost (11 damage)
             ... on level 6 of the Dungeon.
             The game lasted 00:33:36 (9815 turns).

emikaela the Skirmisher (Ghoul Conjurer)            Turns: 9815, Time: 00:33:37

HP:   -5/69 (70)    AC:  7    Str: 12    XL:     8   Next: 95%
MP:   6/19          EV: 13    Int: 11    God:    Uskayaw [......]
Gold: 213           SH:  0    Dex: 10    Spells: 2 memorised, 8 levels left

rFire  + . .     SeeInvis .       - Unarmed
rCold  . . .     Gourm    .     a - +0 robe
rNeg   + + +     Faith    .     (no shield)
rPois  ∞         Spirit   .     (no helmet)
rElec  .         Reflect  .     z - +0 cloak
rCorr  .         Harm     .     J - +2 pair of gloves
MR     .....                    u - +0 pair of boots
Stlth  ++........               K - amulet of magic regeneration
                                x - ring of magical power
                                p - ring of fire

@: starving, rotting
A: rotting body, claws 1, carnivore 3, cold resistance 1, negative energy
resistance 3, slow regeneration 1, torment resistance, unbreathing
a: Renounce Religion


You were on level 6 of the Dungeon.
You worshipped Uskayaw.
Uskayaw was noncommittal.
You were starving.

You visited 2 branches of the dungeon, and saw 7 of its levels.

You collected 373 gold pieces.
You spent 160 gold pieces at shops.

Inventory:

Hand Weapons
 b - a +0 blowgun
 v - a +0 hunting sling
Missiles
 g - 140 stones (quivered)
 h - 91 arrows
 q - 27 bolts
 s - 69 poisoned needles
 C - 41 sling bullets
 H - 3 tomahawks
Armour
 a - a +0 robe (worn)
 k - a +0 buckler
 r - a +0 pair of gloves
 u - a +0 pair of boots (worn)
 z - a +0 cloak (worn)
 G - a +0 plate armour
 J - a +2 pair of gloves (worn)
Jewellery
 p - a ring of fire (left hand)
 x - a ring of magical power (right hand)
 K - an amulet of magic regeneration (around neck)
Scrolls
 e - 5 scrolls of remove curse
 f - 2 scrolls of fog
 i - a scroll of teleportation
 j - a scroll of amnesia
 m - a scroll of noise
 n - a scroll of recharging
 y - 2 scrolls of random uselessness {unknown}
 A - a scroll of fear
 B - a scroll of blinking
 D - a scroll of enchant weapon {unknown}
 E - a scroll of immolation {unknown}
Potions
 w - a potion of degeneration
 F - a potion of invisibility {unknown}
Books
 t - a book of Conjurations
Comestibles
 c - 3 meat rations
 d - 2 royal jellies
 o - a beef jerky
 I - 7 chunks of flesh


   Skills:
 + Level 6.3 Fighting
 + Level 4.7 Dodging
 - Level 2.1 Stealth
 - Level 6.0 Unarmed Combat
 - Level 2.0 Spellcasting
 - Level 4.0 Conjurations
 + Level 4.6 Invocations


You had 8 spell levels left.
You knew the following spells:

 Your Spells              Type           Power        Failure   Level  Hunger
a - Magic Dart            Conj           #...         6%          1    ##.....
s - Searing Ray           Conj           #.....       10%         2    ###....


Dungeon Overview and Level Annotations

Branches:
Dungeon (6/15)             Temple (1/1) D:4

Altars:
Ashenzari
Cheibriados
Dithmenos
Elyvilon
Fedhas
Gozag
Hepliaklqana
Kikubaaqudgha
Makhleb
Qazlal
Ru
Trog
Uskayaw
Vehumet
Xom
Yredelemnul
Zin
The Shining One

Shops:
D:4 *   D:5 (

Annotations:
D:6 Juniper's ghost, novice MiAK


Innate Abilities, Weirdness & Mutations

Your body is rotting away.
You thrive on raw meat.
You are immune to poison.
You have sharp fingernails.
You are carnivorous and can eat meat at any time.
Your flesh is cold resistant. (rC+)
You are immune to negative energy. (rN+++)
You regenerate slowly when monsters are visible.
You are immune to unholy pain and torment.
You can survive without breathing.


Message History

You feel much better. Juniper's ghost closely misses you.
You barely miss Juniper's ghost.
Juniper's ghost is severely damaged.
Juniper's ghost hits you!
* * * LOW HITPOINT WARNING * * *
You are starving!
You feel your flesh rotting away.
Okay, then.
You see here a bullfrog skeleton.
You hit Juniper's ghost but do no damage.
Juniper's ghost is severely damaged.
Juniper's ghost hits you.
* * * LOW HITPOINT WARNING * * *
You hit Juniper's ghost but do no damage.
Juniper's ghost is severely damaged.
Juniper's ghost hits you but does no damage.
You hit Juniper's ghost.
Juniper's ghost is severely damaged.
Juniper's ghost hits you!
You die...

##.#.# #... #..#.#
#### #.#..# #.#.##
########.#.#
#........#.##
#...........#
#...........# #
#@W.........# #
#...........# #
#...........######
#.>...............
#.................
#.....÷...........
#...........#####.
#######...........
#.###.......


You could see Juniper's ghost.

Vanquished Creatures
  A water moccasin (D:5)
  An orc warrior (D:5)
  A phantom (D:5)
  An ice beast (D:6)
  A centaur (D:6)
  3 bullfrogs (D:6)
  A wyvern zombie (D:6)
  A scorpion (D:4)
  4 wights (D:6)
  2 howler monkeys
  2 centaur skeletons (D:6)
  A hound (D:4)
  A bullfrog skeleton (D:5)
  An orc priest (D:6)
  A jelly (D:5)
  2 iguanas (D:5)
  4 worker ants
  A worker ant zombie (D:2)
  6 gnolls (D:4)
  10 adders
  An adder zombie (D:6)
  5 worms
  2 dart slugs
  8 leopard geckos
  6 orcs
  6 bats
  8 giant cockroaches
  5 goblins
  10 hobgoblins
  9 jackals
  A quokka (D:6)
  A ball python (D:3)
  4 frilled lizards
  11 kobolds
  A leopard gecko skeleton (D:5)
  6 rats
129 creatures vanquished.

Notes
Turn   | Place    | Note
-------+----------+-------------------------------------------
     0 | D:1      | emikaela the Ghoul Conjurer began the quest for the Orb.
     0 | D:1      | Reached XP level 1. HP: 14/14 MP: 2/2
   232 | D:1      | Reached XP level 2. HP: 19/19 MP: 0/4
  1023 | D:1      | Learned a level 2 spell: Searing Ray
  1410 | D:1      | Reached XP level 3. HP: 26/26 MP: 2/5
  2144 | D:2      | Reached skill level 1 in Fighting
  2688 | D:2      | Reached XP level 4. HP: 28/36 MP: 0/6
  3937 | D:3      | Reached XP level 5. HP: 36/45 MP: 3/7
  3941 | D:3      | Reached skill level 1 in Unarmed Combat
  4357 | D:3      | Found a blossoming altar of Fedhas.
  5123 | D:4      | Found a staircase to the Ecumenical Temple.
  5132 | Temple   | Entered the Ecumenical Temple
  5139 | Temple   | Became a worshipper of Uskayaw the Reveler
  5170 | D:4      | Reached * piety under Uskayaw
  5171 | D:4      | Reached XP level 6. HP: 38/52 MP: 0/8
  5176 | D:4      | Reached ** piety under Uskayaw
  5333 | D:4      | Found Tucs's Assorted Antiques.
  5411 | D:4      | Found a shadowy altar of Dithmenos.
  5415 | D:4      | Bought a scroll of identify for 64 gold pieces
  5415 | D:4      | Bought a scroll labeled QELIYM WYUCIPP for 32 gold pieces
  5415 | D:4      | Bought a scroll labeled XYOHIN AGHIBO for 32 gold pieces
  5415 | D:4      | Bought a scroll labeled XOCZEU QUMIEVILIE for 32 gold pieces
  5417 | D:4      | Found a burning altar of Makhleb.
  5417 | D:4      | Found a sacrificial altar of Ru.
  6244 | D:5      | Entered Level 5 of the Dungeon
  6312 | D:5      | Found Voyv's Antique Weapon Emporium.
  6353 | D:5      | Noticed a water moccasin
  6364 | D:5      | Reached *** piety under Uskayaw
  6366 | D:5      | Killed a water moccasin
  6366 | D:5      | Reached skill level 1 in Invocations
  6366 | D:5      | Reached XP level 7. HP: 49/59 MP: 7/9
  6366 | D:5      | Reached **** piety under Uskayaw
  7618 | D:6      | Reached skill level 5 in Fighting
  7696 | D:6      | Reached XP level 8. HP: 58/68 MP: 10/10
  7764 | D:6      | Noticed Juniper's ghost (novice MiAK)
  7948 | D:6      | Reached skill level 5 in Unarmed Combat
  8674 | D:6      | HP: 3/70 [worker ant (4)]
  8679 | D:6      | HP: 3/70 [worker ant (1)]
  9797 | D:6      | HP: 1/70 [Juniper's ghost (13)]
  9815 | D:6      | Slain by Juniper's ghost

Skill      XL: |  1  2  3  4  5  6  7  8 |
---------------+-------------------------+-----
Spellcasting   | 2 |  2.0
Conjurations   | 4 |  4.0
Fighting       | 2 3 4 5 6 |  6.3
Unarmed Combat | 2 3 4 6 |  6.0
Dodging        | 2 3 4 |  4.7
Invocations    | 1 3 4 |  4.6
Stealth        | |  2.1

Action                   |  1- 3 |  4- 6 |  7- 9 || total
-------------------------+-------+-------+-------++-------
Melee: Unarmed           |    65 |   148 |    89 ||   302
       Punch             |       |     2 |     2 ||     4
 Cast: Magic Dart        |    98 |   110 |    62 ||   270
       Searing Ray       |     1 |    12 |    38 ||    51
Invok: Stomp             |       |       |     6 ||     6
  Use: Scroll            |       |     9 |     1 ||    10
       Potion            |       |     2 |     1 ||     3
 Stab: Sleeping          |       |     2 |     1 ||     3
       Paralysed         |       |       |     6 ||     6
  Eat: Chunk             |    12 |    15 |    15 ||    42
Armor: Robe              |     3 |    33 |    23 ||    59
Dodge: Dodged            |    45 |   128 |   104 ||   277
